 Dungeon Crawl Stone Soup version 0.29-a0-824-gd827844252 (webtiles) character file.

Game seed: 4510264201774654422

5703 kevlar127 the Grappler (level 10, -3/107 HPs)
             Began as a Troll Berserker on July 9, 2022.
             Was an Elder of Trog.
             Slain by a gnoll sergeant
             ... wielding a +0 trident
              (14 damage)
             ... on level 9 of the Dungeon.
             The game lasted 00:20:00 (7463 turns).

kevlar127 the Grappler (Troll Berserker)            Turns: 7463, Time: 00:20:00

Health: -3/107     AC:  5    Str: 37    XL:     10   Next: 48%
Magic:  9/9        EV: 10    Int:  3    God:    Trog [****..]
Gold:   205        SH:  0    Dex:  9    Spells: 9/9 levels left

rFire   . . .      SeeInvis .     - Unarmed
rCold   . . .      Faith    .   (no shield)
rNeg    . . .      Spirit   .   a - +0 animal skin
rPois   +          Reflect  .   (helmet restricted)
rElec   .          Harm     .   K - +0 cloak
rCorr   .          Rampage  .   (gloves unavailable)
Will    .....                   (boots unavailable)
Stlth   +.........              (no amulet)
HPRegen 1.07/turn               n - +6 ring of strength
MPRegen 0.11/turn               I - ring of poison resistance

@: on berserk cooldown, slowed, very slow
A: large, unfitting armour, claws 3, regeneration 1, shaggy fur 1, tough skin 1
a: Renounce Religion, Berserk, Trog's Hand, Brothers in Arms


You were on level 9 of the Dungeon.
You worshipped Trog.
Trog was greatly pleased with you.
You visited 1 branch of the dungeon, and saw 9 of its levels.

You collected 597 gold pieces.
You spent 392 gold pieces at shops.

Inventory:

Missiles
 e - 46 stones
 h - 2 throwing nets
 o - a boomerang (quivered)
 t - 18 poisoned darts
 L - a curare-tipped dart
Armour
 a - a +0 animal skin (worn)
 K - a +0 cloak (worn)
Jewellery
 n - a +6 ring of strength (left claw)
 I - a ring of poison resistance (right claw)
 M - a +4 ring of protection
Wands
 g - a wand of digging (15)
 z - a wand of quicksilver (10)
 G - a wand of iceblast (6)
 J - a wand of charming (6)
Scrolls
 c - 2 scrolls of fear {unknown}
 d - 2 scrolls of vulnerability {unknown}
 i - 3 scrolls of magic mapping {unknown}
 k - 2 scrolls of fog {unknown}
 l - 7 scrolls of identify
 x - 2 scrolls of amnesia
 y - 2 scrolls of enchant weapon {unknown}
 A - 2 scrolls of silence {unknown}
 B - a scroll of immolation {unknown}
 D - 2 scrolls of noise {unknown}
 E - a scroll of acquirement {unknown}
 F - a scroll of summoning
 H - a scroll of enchant armour {unknown}
 N - a scroll of poison {unknown}
Potions
 b - 2 potions of degeneration
 f - 3 potions of lignification {unknown}
 j - a potion of mutation {unknown}
 m - a potion of attraction {unknown}
 p - 3 potions of brilliance
 q - 3 potions of heal wounds
 r - 2 potions of flight
 s - a potion of resistance {unknown}
 u - 2 potions of might
 v - a potion of cancellation {unknown}
 w - 3 potions of invisibility
 C - 4 potions of curing {unknown}


   Skills:
 + Level 9.0 Fighting
 - Level 5.0 Throwing
 - Level 2.4 Dodging
 + Level 10.7 Unarmed Combat
 - Level 2.0 Evocations


You had 9 spell levels left.
You didn't know any spells.
Your spell library was empty.

Dungeon Overview and Level Annotations

Branches:
Dungeon (9/15)             Temple (0/1) D:6             Orc (0/2) D:9
   Lair: D:8-11

Altars:
Cheibriados
Dithmenos
Okawaru
Ru
Trog
Vehumet
Yredelemnul
The Shining One

Shops:
D:3 !   D:4 [!   D:6 ?


Innate Abilities, Weirdness & Mutations

You are too large for most types of armour.
You have claws for hands.
Your natural rate of healing is unusually fast.
You are covered in fur. (AC +1)
You have tough skin. (AC +1)


Message History

You mangle the ogre!!
The ogre is severely wounded.
The gnoll sergeant misses you.
Unknown command.
You barely miss the ogre.
The ogre is severely wounded.
The ogre hits you with a +0 giant club!!
You eviscerate the ogre!!!
You kill the ogre!
Trog accepts your kill.
The gnoll sergeant hits you from afar with a +0 trident.
You claw the troll!
The troll is moderately wounded.
You claw the troll!
The troll is heavily wounded.
Your skin stops crawling.
You feel less strong-willed. The troll bites you!
* * * LOW HITPOINT WARNING * * *
The troll closely misses you. The troll barely misses you.
The gnoll sergeant hits you from afar with a +0 trident.
* * * LOW HITPOINT WARNING * * *
You mangle the troll!!
The troll is almost dead.
You mangle the troll!!
You kill the troll!
Trog accepts your kill.
You are no longer berserk.
You are exhausted.
You feel yourself slow down.
The gnoll sergeant hits you from afar with a +0 trident!
* * * LOW HITPOINT WARNING * * *
Your life force feels restored.
Your Fighting skill increases to level 9!
The orc hits you from afar with a +4 trident!
* * * LOW HITPOINT WARNING * * *
You see here a +0 club.
The gnoll attacks as you move away! The gnoll hits you with a +0 whip.
* * * LOW HITPOINT WARNING * * *
The gnoll sergeant hits you from afar with a +0 trident!
You die...

#....####+#######......#####
#...............###'##.....#
#........#...........#.....#
#.......##...........#......
#.......#............#......
#.......#............#......
<........#............#......
........#######........#......
...........)g@.........#......
....###g###........ # . 8og.
#........ #.goog#........
#..o..########+ #.....#
#8...8# #######


You could see a gnoll sergeant, a gnoll and an orc.

Vanquished Creatures
  A troll (D:9)
  Grinder (D:5)
  A hornet (D:7)
  Sigmund (D:2)
  3 yaks (D:8)
  A steam dragon (D:8)
  2 water moccasins
  2 sky beasts
  A black bear (D:5)
  5 orc warriors
  5 ogres
  3 ice beasts (D:7)
  3 centaurs
  A phantom (D:5)
  2 gnoll sergeants
  3 necrophages
  6 bullfrogs
  3 kobold brigands
  2 scorpions
  6 wights
  4 killer bees (D:9)
  A gnoll bouda (D:6)
  4 hounds
  3 iguanas
  2 orc priests
  2 jellies
  Natasha (twice) (D:2)
  8 orc wizards
  17 gnolls
  4 adders
  2 white imps
  An ufetubus (D:6)
  A worm (D:1)
  7 dart slugs
  24 orcs
  5 bats
  5 endoplasms
  4 giant cockroaches
  4 goblins
  9 hobgoblins
  9 jackals
  13 kobolds
  2 quokkas
  6 ball pythons
  A frilled lizard (D:1)
  A rat (D:1)
193 creatures vanquished.

Notes
Turn   | Place    | Note
-------+----------+-------------------------------------------
     0 | D:1      | kevlar127 the Troll Berserker began the quest for the Orb.
     0 | D:1      | Reached XP level 1. HP: 22/22 MP: 0/0
   141 | D:1      | Reached XP level 2. HP: 18/29 MP: 1/1
   293 | D:1      | Reached XP level 3. HP: 37/37 MP: 2/2
   825 | D:2      | Noticed Sigmund
   841 | D:1      | Reached skill level 4 in Unarmed Combat
   847 | D:1      | Reached ** piety under Trog
   853 | D:1      | Reached XP level 4. HP: 38/45 MP: 3/3
   900 | D:2      | Killed Sigmund
   901 | D:2      | Reached skill level 5 in Unarmed Combat
   901 | D:2      | Reached XP level 5. HP: 40/54 MP: 4/4
  1050 | D:2      | Noticed Natasha
  1054 | D:2      | Killed Natasha
  1055 | D:2      | Reached XP level 6. HP: 60/62 MP: 5/5
  1086 | D:2      | Found a faded altar of an unknown god.
  1101 | D:2      | Found a sacrificial altar of Ru.
  1389 | D:2      | Noticed Natasha
  1396 | D:2      | Killed Natasha
  1605 | D:3      | Found a snail-covered altar of Cheibriados.
  1992 | D:3      | Found Nigatwuh's Distillery.
  2180 | D:3      | Bought a potion of brilliance for 40 gold pieces
  2180 | D:3      | Bought a potion of heal wounds for 50 gold pieces
  2180 | D:3      | Bought a potion of degeneration for 10 gold pieces
  2180 | D:3      | Bought a potion of flight for 30 gold pieces
  2392 | D:4      | Found Vear Mucver's Antique Armour Shoppe.
  2407 | D:4      | Found Yshraogh's Distillery.
  2434 | D:4      | Bought a potion of might for 52 gold pieces
  2657 | D:4      | Found a bloodstained altar of Trog.
  2752 | D:5      | Entered Level 5 of the Dungeon
  2756 | D:5      | Noticed Grinder
  2761 | D:5      | Reached skill level 5 in Fighting
  2761 | D:5      | Reached skill level 6 in Unarmed Combat
  2761 | D:5      | Reached XP level 7. HP: 54/72 MP: 6/6
  2767 | D:5      | Killed Grinder
  2780 | D:5      | Identified the +6 trident "Orb Guardian's Curse" {vorpal,
                  | rF++ Str-2 Dex+2}
  2813 | D:5      | Reached skill level 7 in Unarmed Combat
  2830 | D:5      | Reached XP level 8. HP: 64/83 MP: 7/7
  2885 | D:5      | Found a basalt altar of Yredelemnul.
  3002 | D:5      | Reached *** piety under Trog
  3004 | D:5      | Found a glowing drain.
  3279 | D:5      | Reached skill level 1 in Throwing
  3655 | D:6      | Reached skill level 8 in Unarmed Combat
  4053 | D:6      | Found a radiant altar of Vehumet.
  4063 | D:6      | Reached XP level 9. HP: 93/93 MP: 8/8
  4066 | D:6      | Found Xoisegud's Magic Scroll Boutique.
  4110 | D:6      | Bought a scroll of amnesia for 49 gold pieces
  4110 | D:6      | Bought a scroll of summoning for 133 gold pieces
  4110 | D:6      | Bought a scroll of identify for 28 gold pieces
  4241 | D:6      | Found a staircase to the Ecumenical Temple.
  4612 | D:7      | Reached skill level 9 in Unarmed Combat
  4630 | D:7      | Reached **** piety under Trog
  5360 | D:7      | Reached skill level 5 in Throwing
  5380 | D:7      | Found a glowing golden altar of the Shining One.
  5387 | D:7      | Found an iron altar of Okawaru.
  5759 | D:8      | Reached skill level 1 in Evocations
  5878 | D:8      | Reached XP level 10. HP: 45/104 MP: 9/9
  6132 | D:8      | Found a shadowy altar of Dithmenos.
  6725 | D:8      | Reached skill level 10 in Unarmed Combat
  7422 | D:9      | Found a staircase to the Orcish Mines.
  7463 | D:9      | Slain by a gnoll sergeant

Illustrated notes

Levels and vault maps discovered:
D:1:      dpeg_arrival_brainrot, layout_basic
D:2:      layout_rooms, basic_altar, hellmonk_ecumenical_altar_lost_god,
          uniq_sigmund, uniq_natasha
D:3:      layout_loops_cross, mainiacjoe_overflow_concentric_impassable,
          serial_shops, nicolae_shop_waterfront
D:4:      layout_cave_pools, trog_book, serial_shops, shop_statue, shop
D:5:      layout_loops_ring, general_overflow_altar,
          cheibrodos_sewer_entry_sluice, chequers_jeans, uniq_grinder
D:6:      layout_basic, fiery_altar_vehumet,
          minmay_temple_entry_statues_fountains, serial_shops,
          nicolae_shop_waterfront
D:7:      layout_loops_ring, amethyst_overflow_temple_binary,
          minmay_misc_feat_square, eino_tiny_chamber, minmay_fractal_squares_5
D:8:      layout_loops_corners, lemuel_doored_altar, minmay_misc_feat_roman
D:9:      layout_irregular_city, kennysheep_orc_monster_closet_entryway,
          kennysheep_generic_room_10

Skill      XL: |  1  2  3  4  5  6  7  8  9 10 |
---------------+-------------------------------+-----
Fighting       | 3 4 5 6 7 8 9 |  9.0
Unarmed Combat | 4 5 6 7 8 9 10 | 10.7
Throwing       | 3 5 |  5.0
Evocations     | 1 2 |  2.0
Dodging        | |  2.4

Action                   |  1- 3 |  4- 6 |  7- 9 | 10-12 || total
-------------------------+-------+-------+-------+-------++-------
Melee: Unarmed           |    68 |   104 |   220 |    93 ||   485
       Punch             |       |     2 |     6 |     1 ||     9
Throw: Boomerang         |       |       |    26 |     1 ||    27
Invok: Berserk           |     1 |     1 |     2 |     3 ||     7
       Trog's Hand       |       |       |     3 |     1 ||     4
 Stab: Distracted        |       |       |       |     1 ||     1
Armor: Animal skin       |    19 |    25 |    40 |    18 ||   102
Dodge: Dodged            |    38 |    49 |    97 |    40 ||   224

Table legend: (Time is in decaauts)
 A = Elapsed time spent in this place.
 B = Non-inter-level travel time spent in this place.
 C = Inter-level travel time spent in this place.
 D = Time resting spent in this place.
 E = Time spent auto-exploring this place.
 F = Levels seen in this place.
 G = Mean time per level.
                   A        B        C        D        E       F      G
               +--------+--------+--------+--------+--------+-----+--------+
         Total |   7447 |   7026 |    421 |   1428 |   4645 |   9 |  827.4 |
       Dungeon |   7447 |   7026 |    421 |   1428 |   4645 |   9 |  827.4 |
               +--------+--------+--------+--------+--------+-----+--------+

Top non-repeatable levels by time:
     D:8: 1560 daAuts
     D:7: 1169 daAuts
     D:1: 907 daAuts
     D:5: 842 daAuts
     D:6: 790 daAuts
     D:3: 681 daAuts
     D:2: 674 daAuts
     D:4: 494 daAuts
     D:9: 327 daAuts
